 Dungeon Crawl Stone Soup version 0.17-a0-1404-gb8113a6 (webtiles) character file.

25 urechis the Poker (level 3, 0/27 HPs)
             Began as a Merfolk Gladiator on June 21, 2015.
             Slain by a giant cockroach (1 damage)
             ... on level 1 of the Dungeon.
             The game lasted 00:01:29 (587 turns).

urechis the Poker (Merfolk Gladiator)                Turns: 587, Time: 00:01:29

Health: 0/27       AC:  4    Str: 15    XL:     3   Next: 4%
Magic:  3/3        EV: 13    Int:  7    God:
Gold:   55         SH:  0    Dex: 15    Spells: 0 memorised, 2 levels left

rFire  + . .     SeeInvis .     a - +0 trident
rCold  . . .     Clarity  .     b - +0 leather armour
rNeg   . . .     SustAt   .     (no shield)
rPois  .         Gourm    .     c - +0 helmet
rElec  .         Spirit   .     (no cloak)
rCorr  .         Warding  .     (no gloves)
rMut   .         Stasis   .     (no boots)
MR     .....                    (no amulet)
Stlth  +.........               (no ring)
                                g - ring of protection from fire

@: not resistant to hostile enchantments, very unstealthy
A: change form in water, swift swim
a: no special abilities


You were on level 1 of the Dungeon.
You were not hungry.

You visited 1 branch of the dungeon, and saw 2 of its levels.

You collected 55 gold pieces.

Inventory:

Hand weapons
 a - a +0 trident (weapon)
Missiles
 e - 3 throwing nets (quivered)
Armour
 b - a +0 leather armour (worn)
 c - a +0 helmet (worn)
Jewellery
 g - a ring of protection from fire (left hand)
Scrolls
 i - a scroll of blinking {unknown}
 l - a scroll of remove curse {unknown}
 m - a scroll of identify {unknown}
 o - a scroll of fear {unknown}
 q - a scroll of enchant armour {unknown}
 r - a scroll of enchant weapon {unknown}
Potions
 f - 2 potions of curing {unknown}
 j - a potion of might {unknown}
 k - 2 potions of flight {unknown}
 n - a potion of degeneration {unknown}
 p - a potion of brilliance {unknown}
Comestibles
 d - a bread ration
 h - a beef jerky


   Skills:
 - Level 2.1 Fighting
 + Level 6.0 Polearms
 - Level 2.0 Throwing
 - Level 4.0 Dodging


You had 2 spell levels left.
You didn't know any spells.

Dungeon Overview and Level Annotations

Branches:
Dungeon (2/15)

Altars:

Annotations:
D:1 Terence


Message History

You hit Terence but do no damage.
Terence is almost dead.
The giant cockroach bites you.
* * * LOW HITPOINT WARNING * * *
Terence hits you but does no damage. The hobgoblin completely misses you.
You barely miss Terence.
Terence is almost dead.
The hobgoblin hits you but does no damage.
The giant cockroach closely misses you. Terence hits you with a short sword.
* * * LOW HITPOINT WARNING * * *
The hobgoblin completely misses you.
You barely miss Terence.
Terence is almost dead.
The giant cockroach closely misses you. The hobgoblin misses you.
Terence zaps a wand.
The puff of flame hits you! You resist.
* * * LOW HITPOINT WARNING * * *
You completely miss Terence.
Terence is almost dead.
The giant cockroach bites you.
You die...

##.##.# ###...### #.##.#
#........ #.##.# ###
#.#...### #.##.# ####.#
#.#...... #.##.# #....#
#......## #.##.########.##.#
###....#
#.##..........##.#####....#
#.........######.##.......##
#########.#@g...............
#....g@s######.).###.#.
#......................
#.......###....#.....#.
#.......###....#######.
#......................
#.......###############
#.......# ##.#########
###### ###


You could see Terence, a giant cockroach and 2 hobgoblins.

Vanquished Creatures
  3 giant cockroaches (D:1)
  3 goblins (D:1)
  3 hobgoblins (D:1)
  6 kobolds (D:1)
  A ball python (D:1)
  4 bats (D:1)
  A giant gecko (D:1)
  3 rats (D:1)
24 creatures vanquished.

Notes
Turn   | Place    | Note
--------------------------------------------------------------
     0 | D:1      | urechis the Merfolk Gladiator began the quest for the Orb.
     0 | D:1      | Reached XP level 1. HP: 16/16 MP: 1/1
    81 | D:1      | Reached skill level 5 in Polearms
    88 | D:1      | Reached XP level 2. HP: 15/22 MP: 2/2
   441 | D:1      | Reached XP level 3. HP: 25/27 MP: 3/3
   472 | D:1      | Reached skill level 6 in Polearms
   564 | D:2      | Noticed Terence
   586 | D:1      | HP: 1/27 [Terence/wand of flame (1)]
   587 | D:1      | Slain by a giant cockroach

Vault maps used:
D:1:      dpeg_arrival_pond, minmay_misc_feat_plants, minivault_27
D:2:      gammafunk_temple_overflow_pools, zin_angel,
          nicolae_gozag_cash_rules_everything_around_me, first_bread,
          uniq_terence

Action                   || total
-------------------------++-------
Melee: Trident           ||    90
 Stab: Sleeping          ||     1
